 Dungeon Crawl Stone Soup version 0.17.0-9-g801d43b (webtiles) character file.

4378 greenpowa the Grappler (level 10, -8/94 HPs)
             Began as a Troll Monk on Nov 9, 2015.
             Killed from afar by an orc wizard (30 damage)
             ... with a wand of lightning
             ... on level 9 of the Dungeon on Nov 10, 2015.
             The game lasted 01:11:32 (8185 turns).

greenpowa the Grappler (Troll Monk)                 Turns: 8185, Time: 01:11:32

Health: -8/94      AC:  6    Str: 25    XL:     10   Next: 13%
Magic:  9/9        EV: 12    Int:  6    God:
Gold:   432        SH:  0    Dex: 14    Spells: 0 memorised, 9 levels left

rFire  . . .     SeeInvis .       - Unarmed
rCold  . . .     Clarity  .     O - +0 robe
rNeg   . . .     SustAt   .     (no shield)
rPois  .         Gourm    +     (helmet restricted)
rElec  .         Spirit   .     D - +0 cloak
rCorr  .         Warding  .     (gloves unavailable)
rMut   .         Stasis   .     (boots unavailable)
MR     +....                    (no amulet)
Stlth  +.........               w - +3 ring of strength
                                t - ring of protection from magic

@: confused, flying, somewhat resistant to hostile enchantments, very unstealthy
A: unfitting armour, claws 3, fast metabolism 3, gourmand, regeneration 2,
shaggy fur 1, tough skin 2
a: no special abilities


You were on level 9 of the Dungeon.
You were completely stuffed.

You visited 2 branches of the dungeon, and saw 10 of its levels.
You also visited: Ossuary.

You collected 432 gold pieces.

Inventory:

Hand Weapons
 m - a +0 hunting sling
 C - a +2 quarterstaff of chaos
Missiles
 c - 7 large rocks (quivered)
 g - 313 stones
Armour
 D - a +0 cloak (worn)
 O - a +0 robe (worn)
Jewellery
 t - a ring of protection from magic (left claw)
 u - an uncursed ring of protection from fire
 w - a +3 ring of strength (right claw)
 F - an uncursed ring of ice {unknown}
Wands
 d - a wand of magic darts (19)
 E - a wand of confusion (16)
 K - a wand of invisibility (1)
 Q - a wand of random effects (29)
Scrolls
 e - 9 scrolls of teleportation
 j - 6 scrolls of identify
 n - 4 scrolls of remove curse
 x - 5 scrolls of fear
 y - a scroll of blinking
 A - a scroll of silence {unknown}
 G - a scroll of random uselessness {unknown}
 I - a scroll of noise {unknown}
 L - 2 scrolls of enchant armour {unknown}
 M - a scroll of fog {unknown}
 P - 5 scrolls of enchant weapon {unknown}
Potions
 a - a potion of lignification {unknown}
 f - 3 potions of heal wounds {unknown}
 h - 3 potions of haste {unknown}
 i - 3 potions of ambrosia
 l - 3 potions of flight
 p - a potion of magic {unknown}
 v - 2 potions of resistance {unknown}
 z - 5 potions of might {unknown}
 B - 2 potions of curing {unknown}
 H - 2 potions of poison {unknown}
 J - a potion of berserk rage {unknown}
Books
 N - a Fen Folio

   Spells                             Type                      Level
   a - Corpse Rot                     Necromancy                   2
   b - Stone Arrow                    Conjuration/Earth            3
   c - Leda's Liquefaction            Hexes/Earth                  4
   d - Summon Forest                  Summoning/Translocation      5
   e - Hydra Form                     Transmutation                6
   f - Summon Hydra                   Summoning                    7
Comestibles
 b - 5 bread rations
 k - a fruit
 o - 10 chunks of flesh
 q - a royal jelly
 r - 2 meat rations
 s - a slice of pizza


   Skills:
 + Level 4.8 Fighting
 + Level 4.1 Armour
 + Level 5.0 Dodging
 - Level 1.1 Stealth
 * Level 12.1 Unarmed Combat


You had 9 spell levels left.
You didn't know any spells.

Dungeon Overview and Level Annotations

Branches:
Dungeon (9/15)             Temple (1/1) D:6
   Lair: D:8-11         Orc: D:9-12

Altars:
Ashenzari
Cheibriados
Dithmenos
Elyvilon
Fedhas
Gozag
Kikubaaqudgha
Makhleb
Nemelex Xobeh
Okawaru
Qazlal
Ru
Sif Muna
Trog
Vehumet
Xom
Yredelemnul
Zin
The Shining One

Shops:
D:5 %   D:6 !   D:8 [


Innate Abilities, Weirdness & Mutations

You are too large for most types of armour.
You have claws for hands.
Your metabolism is lightning-fast.
You like to eat raw meat.
You heal very quickly.
You are covered in fur (AC +1).
You have very tough skin (AC +2).


Message History

You feel invigorated.
You hear a zap.
A bolt of lightning appears from out of thin air!
The bolt of lightning hits the orc.
The orc dies!
The bolt of lightning misses you.
It was a potion of flight.
You feel very buoyant.
You fly up into the air.
You hear a zap.
A bolt of lightning appears from out of thin air!
The bolt of lightning hits you!
* * * LOW HITPOINT WARNING * * *
You hear a zap.
A bolt of lightning appears from out of thin air!
The bolt of lightning misses you.
You hear a zap.
A bolt of lightning appears from out of thin air!
The bolt of lightning hits you!
You die...

...........+......#. . ##
###.####.##.##........ .
#.#....................)...
.######.#..###.####.......))<....
.................................
#....<#.#.........#..............
.....##.#(.)##....#..#...#....#.#
#.##.##.....).....#..#..........#
#. #.##.....#.##@.#..#...##......
#. #..#.....)))..÷...#...........
#. ##.#......###..#..#..#...#.#..
#. .###.###.....#..... #.
##.....####.##...a... ##
#...⌠.%)# #.# ....... ##.......#
#.# .......
#P#_._._#.............
######.#..#.####.###......


You could see a worker ant (wandering).

Vanquished Creatures
  Grinder (D:3)
  Sigmund (D:3)
  A wraith (Ossuary)
  Grum (D:9)
  2 deep elf magi (D:9)
  3 wolves (D:9)
  Edmund (D:5)
  An orc warrior (D:9)
  A sky beast (D:6)
  2 ice beasts
  2 ogres
  2 centaurs
  6 giant frogs
  A water moccasin skeleton (D:8)
  3 scorpions
  4 wights (D:6)
  A centaur zombie (D:8)
  3 giant frog skeletons
  3 crimson imps
  4 hounds
  4 jellies
  3 orc priests
  4 orc wizards
  Crazy Yiuf (D:4)
  A gnoll shaman (D:8)
  3 iguanas
  A centaur skeleton (D:7)
  6 worker ants
  Terence (D:3)
  A mummy (Ossuary)
  A worker ant zombie (D:5)
  10 gnolls
  A shadow imp (D:6)
  12 adders
  An adder zombie (D:5)
  An adder skeleton (D:9)
  A worm (D:2)
  3 giant geckos
  36 orcs
  A ball python (D:2)
  11 bats
  9 hobgoblins
  16 jackals
  6 kobolds
  4 quokkas
  6 giant cockroaches
  A giant gecko skeleton (D:4)
  3 giant newts
  5 gnoll skeletons (Ossuary)
  6 goblins
  5 kobold skeletons (Ossuary)
  15 orc skeletons (Ossuary)
  A quokka zombie (D:6)
  6 rats
  2 bushes (D:9)
  2 fungi (D:4)
  3 plants (D:9)
236 creatures vanquished.

Vanquished Creatures (others)
  A deep elf mage (D:8)
  A human (D:4)
  2 orcs (D:9)
4 creatures vanquished.

Grand Total: 240 creatures vanquished

Notes
Turn   | Place    | Note
--------------------------------------------------------------
     0 | D:1      | greenpowa the Troll Monk began the quest for the Orb.
     0 | D:1      | Reached XP level 1. HP: 22/22 MP: 0/0
   224 | D:1      | Reached XP level 2. HP: 29/29 MP: 1/1
   698 | D:2      | Reached XP level 3. HP: 36/36 MP: 2/2
   740 | D:2      | Reached skill level 5 in Unarmed Combat
   937 | D:2      | Upgraded the game from 0.17.0-8-gb983d21 to 0.17.0-9-g801d43b
  1041 | D:2      | You fall through a shaft!
  1097 | D:3      | Reached XP level 4. HP: 44/44 MP: 3/3
  1430 | D:3      | Noticed Sigmund
  1449 | D:3      | Killed Sigmund
  1449 | D:3      | Reached skill level 7 in Unarmed Combat
  1449 | D:3      | Reached XP level 5. HP: 13/50 MP: 4/4
  1650 | D:3      | Noticed Terence
  1660 | D:3      | Killed Terence
  1660 | D:3      | Reached XP level 6. HP: 49/59 MP: 5/5
  1662 | D:3      | Noticed Grinder
  1671 | D:3      | Paralysed by Grinder for 5 turns
  1683 | D:3      | Killed Grinder
  1683 | D:3      | Reached skill level 8 in Unarmed Combat
  2514 | D:4      | Found an ancient bone altar of Kikubaaqudgha.
  2514 | D:4      | Noticed a human
  2518 | D:4      | Killed a human
  2572 | D:4      | Reached XP level 7. HP: 17/66 MP: 6/6
  2962 | D:4      | Noticed Crazy Yiuf
  2969 | D:4      | Killed Crazy Yiuf
  3087 | D:4      | Reached skill level 9 in Unarmed Combat
  3370 | D:4      | You fall through a shaft!
  3370 | D:5      | Entered Level 5 of the Dungeon
  3514 | D:5      | Found a sacrificial altar of Ru.
  3541 | D:5      | Noticed Edmund
  3562 | D:5      | Killed Edmund
  3719 | D:5      | Found Muedd's Food Emporium.
  3861 | D:5      | Reached skill level 10 in Unarmed Combat
  3863 | D:5      | Reached XP level 8. HP: 52/74 MP: 7/7
  4061 | D:5      | Reached skill level 1 in Armour
  4775 | D:6      | Found a staircase to the Ecumenical Temple.
  4851 | Temple   | Entered the Ecumenical Temple
  5111 | D:6      | Found a sparkling altar of Nemelex Xobeh.
  5265 | D:6      | Found Nung's Distillery.
  5649 | D:6      | Reached XP level 9. HP: 68/83 MP: 8/8
  5896 | D:7      | Reached skill level 11 in Unarmed Combat
  6326 | D:7      | You fall through a shaft for 2 floors!
  6499 | D:7      | Found a sand-covered staircase.
  6508 | Ossuary  | Entered an ossuary
  7747 | D:8      | Found Kaul's Armour Emporium.
  7946 | D:9      | Found a basalt altar of Yredelemnul.
  7947 | D:9      | Found a snail-covered altar of Cheibriados.
  7948 | D:9      | Found a radiant altar of Vehumet.
  8067 | D:9      | Noticed Grum
  8076 | D:9      | Killed Grum
  8079 | D:9      | Reached skill level 5 in Dodging
  8079 | D:9      | Reached XP level 10. HP: 72/94 MP: 9/9
  8080 | D:9      | Reached skill level 12 in Unarmed Combat
  8185 | D:9      | Killed from afar by an orc wizard

Action                   |  1- 3 |  4- 6 |  7- 9 | 10-12 || total
-------------------------+-------+-------+-------+-------++-------
Melee: Unarmed           |   104 |    94 |   447 |    26 ||   671
  Use: Scroll            |       |     3 |     4 |       ||     7
       Potion            |       |       |       |     2 ||     2
 Stab: Sleeping          |     1 |       |     1 |       ||     2
       Distracted        |     1 |       |       |       ||     1
       Invisible         |       |       |     1 |       ||     1
  Eat: Chunk             |     8 |    14 |    50 |     2 ||    74
       Pizza             |       |       |     1 |       ||     1
       Meat ration       |       |       |     1 |       ||     1
